FIQ, neutral female sylph Healer --- --- ---- ---.-- --- -. ---..--- |....| --..- .. --......----...- --..... . |...........^..| ..... .-- |...--.........|---... -..| --..--.---.....--...| |..| |.....| |........-- ---.--- |-..--- |.........-- ---G@...|--- |...| ---........| |..(---.--.----...| |........| |...| |.....|...--- --.--....-- --..| ---..-|.--- | ..|--....-- |..| --..||.| --..- --- |.....-- |.-- |...-|.| --... ---....---- --- --...|.--...- --......| --..........| | --.....| |.....<..........| |...--- ---.............*| --.-- --.|..----.-- -- --- ------ -- FIQ the Rhizotomist Experience level: 1 Strength: 9 Dexterity: 8 Constitution: 14 Intelligence: 11 Wisdom: 15 Charisma: 18 Health: 0(18) Energy: 6(6) Def: 1 Gold: 2136 Moves: 2380 Dungeon seed: 2aevkhHnKWZLvg59 Game ID: FIQ_1435855337 Your Inventory: Coins $ - 2136 gold pieces Amulets q - a cursed amulet of restful sleep named likely cursed Weapons a - an uncursed +0 scalpel (weapon in hand) Armor e - an uncursed +1 pair of leather gloves y - an uncursed +1 dwarvish cloak (being worn) Comestibles l - 4 uncursed apples p - an uncursed egg r - an uncursed food ration w - 9 blessed eucalyptus leaves S - 2 uncursed eucalyptus leaves Scrolls P - an uncursed scroll of scare monster Q - a blessed scroll of create monster Spellbooks h - a blessed spellbook of healing i - a blessed spellbook of extra healing j - a blessed spellbook of stone to flesh Potions c - 2 uncursed potions of healing d - 2 blessed potions of healing f - 4 uncursed potions of extra healing m - a blessed potion of gain energy t - a potion of unholy water named unholy water u - a cursed potion of paralysis O - a cursed potion of object detection R - an uncursed potion of paralysis T - a cursed potion of booze Rings V - an uncursed ring of teleport control Wands g - an uncursed wand of sleep (0:4) H - an uncursed wand of enlightenment (0:11) Tools n - an uncursed magic harp (0:0) s - an uncursed stethoscope Spells and supernatural/magical abilities: Name Level Category Fail Memory h - healing 1 healing 0% 89% x - extra healing 3 healing 62% 89% S - stone to flesh 3 healing 71% 89% W - pray for help -- divine ? -- Your skills at the end: Fighting Skills Weapon Skills knife [Basic] Spellcasting Skills healing spells [Basic] Final Attributes: You were devoutly aligned. You were poison resistant. You saw invisible. You were protected from shape changers. You are dead. Vanquished creatures: a gnomish wizard a dwarf 2 green molds 2 garter snakes a gecko 7 jackals 2 foxen 2 kobolds 3 goblins 2 sewer rats a grid bug a lichen 7 newts 32 creatures vanquished. Voluntary challenges: You followed a strict vegan diet. You used a wielded weapon 2 times, starting on turn 68. You were a pacifist. You read items or engraved 2 times, starting on turn 225. You never genocided any monsters. You never polymorphed an object. You never changed form. You used no wishes. You never split a pudding. You wrote Elbereth's name 1 time, starting on turn 225. You never violated your personal moral code. Dungeon overview: The Dungeons of Doom: levels 1 to 5 Level 1 a fountain a long staircase Level 2 a fountain Level 3 Level 4 a delicatessen stairs to The Gnomish Mines Level 5 The Gnomish Mines: levels 5 to 6 Level 5 stairs to The Dungeons of Doom Level 6 <- You were here History has recorded: On T:1 you entered the Dungeons of Doom to retrieve the Amulet of Yendor! On T:127 you reached level 4 of The Dungeons of Doom. On T:131 you reached level 3 of The Dungeons of Doom. On T:171 you reached level 2 of The Dungeons of Doom. On T:1322 you reached level 5 of The Dungeons of Doom. On T:1649 you reached level 1 of The Gnomish Mines. On T:2293 you reached level 2 of The Gnomish Mines. Score breakdown: Gold: 236 ( 8078 points) Experience: 1 level ( 0 points) Exploration: 6 levels ( 12.24%) ( 9682 points) Discoveries: 3 items ( 1.06%) ( 3083 points) Valuables value: (no points given unless you survive) Artifact value: 0 ( 0 points) Variety of kills: 13 monsters ( 3.43%) ( 5556 points) Time penalty: 2380 turns ( -257 points) Survival: died (score multiplied by 80%) Total score: 20913 Latest messages: The gnome king swings his bow. The gnome king hits! You die... Final status: Goodbye FIQ the Healer, killed by a gnome king... You died in The Gnomish Mines on dungeon level 6 with 20913 points, and 2136 pieces of gold, after 2380 moves. You were level 1 with a maximum of 18 hit points when you died.